 Dungeon Crawl Stone Soup version 0.30-a0-852-g08b95dd62f (webtiles) character file.

Game seed: 6948282114797170758

2 Monkooky the Sneak (level 1, 0/18 HPs)
             Began as a Demigod Delver on Mar 4, 2023.
             Slain by Menkaure (8 damage)
             ... on level 4 of the Dungeon.
             The game lasted 00:01:21 (78 turns).

Monkooky the Sneak (Demigod Delver)                   Turns: 78, Time: 00:01:22

Health: 0/18       AC:  3    Str: 13    XL:     1   Next: 20%
Magic:  3/3        EV: 11    Int: 12    God:
Gold:   0          SH:  0    Dex: 15    Spells: 0/0 levels left

rFire   . . .      SeeInvis .      - Unarmed
rCold   . . .      Faith    .    (no shield)
rNeg    . . .      Spirit   .    a - +0 leather armour
rPois   .          Reflect  .    (no helmet)
rElec   .          Rampage  .    (no cloak)
rCorr   .                        (no gloves)
Will    .....                    (no boots)
Stlth   +++                      (no amulet)
HPRegen 0.23/turn                (no ring)
MPRegen 0.08/turn                (no ring)

@: hasted, very quick
A: high MP 1, forlorn, divine attributes
a: no special abilities


You were on level 4 of the Dungeon.
You visited 1 branch of the dungeon, and saw 3 of its levels.

Inventory:

Armour
 a - a +0 leather armour (worn)
Wands
 f - a wand of digging (2)
Scrolls
 b - a scroll of fog
 d - a scroll of fear


   Skills:
 - Level 2.6 Fighting
 - Level 1.7 Dodging
 - Level 4.5 Stealth
 + Level 2.0 Unarmed Combat


You couldn't memorise any spells.
You didn't know any spells.
Your spell library was empty.

Dungeon Overview and Level Annotations

Branches:
Dungeon (6/15)
 Temple: D:4-7

Annotations:
D:4 Menkaure


Innate Abilities, Weirdness & Mutations

You have an increased reservoir of magic. (+10% MP)
You shall have no god before yourself.
Your divine heritage dramatically boosts your attributes as you level up.


Message History

There is a stone staircase leading up here.
You hit the orc.
The orc is moderately wounded.
The orc hits you but does no damage.
You barely miss the orc.
The orc is moderately wounded.
The orc barely misses you.
You closely miss the orc.
The orc is moderately wounded.
The orc hits you with a +0 short sword.
You closely miss the orc. You punch the orc.
The orc is almost dead.
The orc hits you with a +0 short sword.
You barely miss the orc. You punch the orc.
You kill the orc!
Your Unarmed Combat skill increases to level 2!
No target in view!
An orc wizard comes into view. It is wielding a +0 dagger.
A phantom comes into view.
There is a stone staircase leading up here.
You climb upwards.
Level annotation: Menkaure
There is a stone staircase leading down here.
Okay, then.
You feel yourself speed up.
Menkaure casts a spell.
Menkaure seems to speed up.
You hit Menkaure but do no damage.
Menkaure hums, "Let me perform the rites..."
Menkaure completely misses you.
You hit Menkaure but do no damage. You hit Menkaure but do no damage.
Menkaure gestures at you while chanting.
You barely resist. You hit Menkaure but do no damage.
Menkaure hums, "Let me perform the rites..."
Menkaure hits you!
You barely miss Menkaure. Menkaure hits you. Menkaure hits you!
You die...

#..........#
#..........#
#..........#
#..........#
#..........#
#..........######
######...........
#.M.........
#@).........
#.>.........
#...........
#...........
#...........
#...........
#...........
###########


You could see Menkaure (fast).

Vanquished Creatures
  An orc (D:5)
1 creature vanquished.

Notes
Turn   | Place    | Note
-------+----------+-------------------------------------------
     0 | D:5      | Monkooky the Demigod Delver began the quest for the Orb.
     0 | D:5      | Reached XP level 1. HP: 18/18 MP: 3/3
    27 | D:6      | Noticed a scorpion
    44 | D:4      | Noticed Menkaure
    52 | D:5      | Noticed an orc wizard
    57 | D:5      | Noticed a phantom
    78 | D:4      | Slain by Menkaure

Illustrated notes

Levels and vault maps discovered:
D:4:      layout_gridville, serial_shops, nicolae_shop_advertising_works
          [nicolae_subvault_shop_adworks], kennysheep_generic_room_13,
          uniq_menkaure
D:5:      cheibrodos_helix_gallery, layout_cave_pools, fiery_altar_vehumet,
          nicolae_overflow_hidden_temple, mainiacjoe_overflow_alcove_2,
          nicolae_qazlal_style_of_elements, mainiacjoe_overflow_catwalk,
          nicolae_shop_overcharged_wands
D:6:      layout_loops_ring, minmay_temple_entry_mist

Skill      XL: |  1 |
---------------+----+-----
Unarmed Combat | 2 |  2.0
Fighting       | |  2.6
Dodging        | |  1.7
Stealth        | |  4.5

Action                     || total
---------------------------++-------
  Melee: Unarmed           ||    10
         Punch             ||     2
  Evoke: Wand              ||     1
    Use: Scroll            ||     1
         Potion            ||     1
 Armour: Leather armour    ||     1
  Dodge: Dodged            ||     4

Table legend: (Time is in decaauts)
 A = Elapsed time spent in this place.
 B = Non-inter-level travel time spent in this place.
 C = Inter-level travel time spent in this place.
 D = Time resting spent in this place.
 E = Time spent auto-exploring this place.
 F = Levels seen in this place.
 G = Mean time per level.
                   A        B        C        D        E       F      G
               +--------+--------+--------+--------+--------+-----+--------+
         Total |     75 |     75 |      0 |      0 |      9 |   3 |   25.0 |
       Dungeon |     75 |     75 |      0 |      0 |      9 |   3 |   25.0 |
               +--------+--------+--------+--------+--------+-----+--------+

Top non-repeatable levels by time:
     D:5: 61 daAuts
     D:4: 11 daAuts
     D:6: 1 daAuts
